 Dungeon Crawl Stone Soup version 0.23.1-37-gaa34b87 (webtiles) character file.

Game seed: 8779383746391623379

127 Borgoz the Skirmisher (level 5, -5/45 (46) HPs)
             Began as a Ghoul Monk on Mar 22, 2019.
             Slain by a gnoll
             ... wielding a +0 whip
              (7 damage)
             ... on level 2 of the Dungeon.
             The game lasted 00:02:27 (1618 turns).

Borgoz the Skirmisher (Ghoul Monk)                  Turns: 1618, Time: 00:02:28

HP:   -5/45 (46)    AC:  2    Str: 15    XL:     5   Next: 11%
MP:   4/4           EV: 13    Int:  6    God:
Gold: 74            SH:  0    Dex: 11    Spells: 4/4 levels left

rFire    . . .     SeeInvis .     - Unarmed
rCold    + . .     Gourm    .   (no shield)
rNeg     + + +     Faith    .   a - +0 robe
rPois    ∞         Spirit   .   (no helmet)
rElec    .         Reflect  .   (no cloak)
rCorr    .         Harm     .   (no gloves)
MR       .....                  (no boots)
Stlth    ++........             (no amulet)
HPRegen  0.00/turn              (no ring)
MPRegen  0.09/turn              (no ring)

@: rotting
A: rotting body, claws 1, carnivore, cold resistance 1, negative energy
resistance 3, inhibited regeneration, torment resistance, unbreathing
a: no special abilities


You were on level 2 of the Dungeon.
You were not hungry.

You visited 1 branch of the dungeon, and saw 3 of its levels.

You collected 74 gold pieces.

Inventory:

Hand Weapons
 e - a +0 short sword
Missiles
 f - 3 throwing nets (quivered)
Armour
 a - a +0 robe (worn)
Jewellery
 i - an uncursed ring of ice {unknown}
Scrolls
 g - 2 scrolls of fear {unknown}
 l - a scroll of magic mapping {unknown}
 m - a scroll of identify {unknown}
 n - a scroll of remove curse {unknown}
 o - a scroll of enchant weapon {unknown}
Potions
 c - a potion of lignification {unknown}
 d - 2 potions of curing {unknown}
 h - a potion of agility {unknown}
 j - 2 potions of resistance {unknown}
 k - a potion of heal wounds {unknown}
Comestibles
 b - 3 rations


   Skills:
 + Level 3.8 Fighting
 * Level 1.8 Short Blades
 * Level 2.0 Armour
 * Level 3.6 Dodging
 - Level 2.1 Stealth
 - Level 3.2 Unarmed Combat


You had 4 spell levels left.
You didn't know any spells.
Your spell library was empty.

Dungeon Overview and Level Annotations

Branches:
Dungeon (3/15)

Altars:
Ru

Annotations:
D:2 1 runed translucent door, Crazy Yiuf


Innate Abilities, Weirdness & Mutations

Your body is rotting away.
You thrive on raw meat.
You are immune to poison.
You have sharp fingernails.
You are carnivorous and can eat meat at any time.
Your flesh is cold resistant. (rC+)
You are immune to negative energy. (rN+++)
You do not regenerate when monsters are visible.
You are immune to unholy pain and torment.
You can survive without breathing.


Message History

You scratch the gnoll but do no damage.
The gnoll is heavily wounded.
The gnoll closely misses you. The gnoll hits you but does no damage.
The gnoll closely misses you.
You scratch the gnoll.
You kill the gnoll!
Your Armour skill increases to level 2!
The gnoll hits you!
* * * LOW HITPOINT WARNING * * *
The gnoll barely misses you. The gnoll barely misses you. x2
Things that are here:
a +0 spear; a +0 whip; a gnoll corpse You closely miss the gnoll.
The gnoll misses you. The gnoll hits you with a +0 whip!
* * * LOW HITPOINT WARNING * * *
Okay, then.
You butcher the gnoll corpse.
The gnoll barely misses you. The gnoll hits you with a +0 whip!
You die...

#.......# #.#.#.#.#
#.......# #..###)##
.#######.###÷..####
##########
.g...g.g.....#....#
#........#
.###########...##.#
#.######.#
##.###.####.# #.#
#..g@......######.#
######
##..g.>............#
.....#
#..#...##########..#
####.# ##..[.### #..#
#.# #.....# #..# #.#
#.....############..#
#.#
#.....##............#
#.#
##....##.##########.#
##.#######....##.#
#.#


You could see 2 gnolls.

Vanquished Creatures
  A scorpion (D:2)
  A gnoll (D:2)
  3 adders (D:2)
  A worm (D:2)
  A leopard gecko (D:2)
  A giant cockroach (D:1)
  4 goblins
  4 hobgoblins (D:1)
  3 jackals (D:2)
  6 bats
  2 frilled lizards
  6 kobolds
  4 rats
37 creatures vanquished.

Notes
Turn   | Place    | Note
-------+----------+-------------------------------------------
     0 | D:1      | Borgoz the Ghoul Monk began the quest for the Orb.
     0 | D:1      | Reached XP level 1. HP: 19/19 MP: 0/0
   114 | D:1      | Reached XP level 2. HP: 14/26 MP: 1/1
   576 | D:1      | Reached skill level 1 in Armour
   624 | D:2      | Found a sacrificial altar of Ru.
   633 | D:2      | Reached XP level 3. HP: 28/31 MP: 2/2
   704 | D:2      | Found a runed translucent door.
   705 | D:2      | Noticed Crazy Yiuf
   775 | D:2      | Reached skill level 1 in Short Blades
  1044 | D:2      | Reached XP level 4. HP: 25/40 MP: 3/3
  1257 | D:2      | Reached XP level 5. HP: 35/45 MP: 4/4
  1617 | D:2      | HP: 2/45 [gnoll/+0 whip (9)]
  1618 | D:2      | Slain by a gnoll

Skill      XL: |  1  2  3  4  5 |
---------------+----------------+-----
Dodging        | 3 |  3.6
Armour         | 1 2 |  2.0
Short Blades   | 1 |  1.8
Fighting       | |  3.8
Stealth        | |  2.1
Unarmed Combat | |  3.2

Action                   |  1- 3 |  4- 6 || total
-------------------------+-------+-------++-------
Melee: Unarmed           |    94 |    36 ||   130
       Punch             |     3 |     1 ||     4
 Stab: Sleeping          |     2 |     1 ||     3
  Eat: Chunk             |     9 |     2 ||    11
Armor: Robe              |    16 |     5 ||    21
Dodge: Dodged            |    63 |    38 ||   101
